Tamiflu vs Harfangs

Created - 4 février 2015 at 23:21

Goals
1 2 3 T
Tamiflu 1 2 2 5
Harfangs 1 0 2 3
Shots
1 2 3 T
Tamiflu 12 12 10 34
Harfangs 13 7 8 28

1st period

1. Harfangs , Tomas Tatar 10 (Roman Wick, Andrew Orpik) at 1:52
2. Tamiflu , Petr Pohl 25 (Greg Mauldin, Jan Mursak) at 8:39 (PP)

Penalties :
Peter Olvecky (BEA) for Holding (Minor) at 6:48, Rich Clune (Det) for Hooking (Minor) at 11:38

2nd period

3. Tamiflu , Mike Duco 20 (Jonathan Sigalet, Adam Henrique) at 11:25
4. Tamiflu , Nate Thompson 33 (Alex Picard, Mike McKenna) at 14:36 (SH)

Penalties :
Dustin Jeffrey (BEA) for Hooking (Minor) at 5:31, Petr Pohl (Det) for Tripping (Minor) at 13:01, Petri Kontiola (BEA) for Holding Stick (Minor) at 19:54

3rd period

5. Harfangs , Chris Kreider 33 (Alexandre Picard, Mark Giordano) at 7:09 (PP)
6. Harfangs , Dustin Jeffrey 7 (Brett Carson) at 10:43
7. Tamiflu , Petr Pohl 26 (Jordan Hendry, Greg Mauldin) at 14:09
8. Tamiflu , Greg Mauldin 39 (Petr Pohl) at 14:44

Penalties :
Stefan Ruzicka (BEA) for Holding (Minor) at 4:21, Mike Duco (Det) for Tripping (Minor) at 6:55, Alex Picard (Det) for Hooking (Minor) at 7:27, Drew Shore (BEA) for Hooking (Minor) at 17:09

Goalie Stats

Mike McKenna (Det), 25 saves from 28 shots - (0,893), W, 21-14-2, 60:00 minutes
Robin Lehner (BEA), 29 saves from 34 shots - (0,853), L, 18-14-4, 60:00 minutes

Players Stats for Tamiflu

Player Name              G  A  P  +/- PIM S  H  SB GA TA FO     MP     PP MP  PK MP  
------------------------------------------------------------------------------------
Adam Henrique            0  1  1   0  0   3  0  0  1  0  4/7    12:53   0:00   0:00 
Alex Picard              0  1  1  -2  2   2  2  1  1  0  2/2    21:15   4:36   2:23 
Ben Hanowski             0  0  0   0  0   0  0  0  0  0  0/0     0:00   0:00   0:00 
Carson Mcmillan          0  0  0  -1  0   1  0  0  0  0  1/1    18:56   4:36   1:03 
Casey Wellman            0  0  0   0  0   0  0  0  0  0  0/0     0:00   0:00   0:00 
Cody Goloubef            0  0  0   0  0   0  0  1  0  0  0/0     3:35   0:00   0:00 
Colin Greening           0  0  0   0  0   0  2  0  0  0  2/4     5:36   0:00   0:24 
Greg Mauldin             1  2  3   3  0   4  3  0  1  0  9/14   19:25   5:11   1:03 
Jan Mursak               0  1  1   2  0   1  3  0  0  1  1/1    19:09   5:11   0:54 
Johan Fransson           0  0  0   0  0   0  3  2  0  0  0/0    20:16   3:59   2:24 
Jonathan Sigalet         0  1  1   3  0   5  1  0  1  2  0/0    26:30   5:48   3:47 
Jordan Hendry            0  1  1   3  0   2  1  1  0  0  0/0    26:30   5:48   3:47 
Justin Braun             0  0  0   0  0   0  0  0  0  0  0/0     3:35   0:00   0:00 
Kyle Lawson              0  0  0  -1  0   0  1  1  0  0  0/0     9:39   0:00   0:00 
Mattias Tedenby          0  0  0   0  0   0  0  0  0  0  0/0     8:03   0:00   1:43 
Mike Duco                1  0  1   1  2   4  0  0  0  0  1/2    11:44   0:00   0:00 
Nate Thompson            1  0  1  -1  0   4  0  0  2  1  18/30  24:48   4:36   3:32 
Nathan Oystrick          0  0  0   0  0   3  3  1  1  0  0/0    20:16   3:59   2:24 
Petr Pohl                2  1  3   2  2   4  0  0  0  0  0/0    18:55   5:11   0:00 
Philip Samuelsson        0  0  0  -1  0   0  0  3  0  1  0/0     9:39   0:00   0:00 
Philippe Dupuis          0  0  0   0  0   0  0  0  0  0  0/0     0:00   0:00   0:00 
Rich Clune               0  0  0   1  2   1  1  0  0  0  0/0    13:01   0:00   1:20 
Stefan Elliott           0  0  0   0  0   0  0  0  0  0  0/0     0:00   0:00   0:00 
Teemu Laakso             0  0  0   0  0   0  0  0  0  0  0/0     0:00   0:00   0:00 
Teigan Zahn              0  0  0   0  0   0  0  0  0  0  0/0     0:00   0:00   0:00 

Players Stats for Harfangs

Player Name              G  A  P  +/- PIM S  H  SB GA TA FO     MP     PP MP  PK MP  
------------------------------------------------------------------------------------
Alex Killorn             0  0  0   0  0   0  1  0  0  0  10/25  18:27   3:19   0:21 
Alexandre Picard         0  1  1  -2  0   2  5  1  1  0  0/0    26:40   3:50   6:07 
Andrew Orpik             0  1  1   1  0   0  0  3  0  0  0/0    10:38   0:00   0:40 
Brandon Pirri            0  0  0   1  0   0  1  0  0  0  1/6    10:27   0:00   2:55 
Brett Carson             0  1  1   1  0   0  1  0  0  0  0/0    13:50   0:00   3:40 
Chris Kreider            1  0  1   0  0   3  3  0  1  1  1/2    20:43   3:19   2:05 
Drew Shore               0  0  0   0  2   0  1  1  0  0  3/9    12:10   0:00   2:20 
Dustin Jeffrey           1  0  1   1  2   2  1  0  0  0  0/1     9:14   0:00   1:52 
James Wisniewski         0  0  0  -1  0   2  3  1  1  3  0/0    23:22   2:21   3:40 
Kyle Palmieri            0  0  0  -3  0   1  5  0  0  0  0/0    14:48   2:52   0:00 
Mark Giordano            0  1  1  -2  0   2  1  7  0  1  0/0    29:07   3:50   5:27 
Mike Hoffman             0  0  0   1  0   0  0  0  0  0  1/1     7:15   0:00   0:00 
Peter Olvecky            0  0  0  -3  2   1  2  0  1  0  0/1    18:28   2:52   4:20 
Petri Kontiola           0  0  0  -3  2   0  1  0  0  0  5/12   18:35   2:52   4:11 
Roman Wick               0  1  1   0  0   3  0  0  1  0  0/0     9:47   0:00   0:00 
Stefan Ruzicka           0  0  0   0  2   6  1  0  0  1  1/3    18:53   3:19   0:00 
Tomas Tatar              1  0  1   0  0   4  0  0  0  1  1/1    11:21   0:00   1:30 
Victor Bartley           0  0  0  -1  0   2  1  0  0  0  0/0    16:23   2:21   0:00 

3 Stars

1 - Greg Mauldin (Det)
2 - Petr Pohl (Det)
3 - Jordan Hendry (Det)

Power Play

Tamiflu - 1 on 5 Attempt(s) - 20,00%
Harfangs - 1 on 4 Attempt(s) - 25,00%

Penalty Kill

Tamiflu - 3 on 4 Attempt(s) - 75,00% - Score 1 goal in Penalty Kill
Harfangs - 4 on 5 Attempt(s) - 80,00% - Score 0 goal in Penalty Kill

Team Stat

Tamiflu - Hits : 20 - Faceoff Wins : 38 - Blocked Shots : 10 - Penalty Minutes : 8
Harfangs - Hits : 27 - Faceoff Wins : 23 - Blocked Shots : 13 - Penalty Minutes : 10

Official

Referees : Charron Francis and Walkom Stephen
Linesman : Ryan Galloway and Mike Cvik

Game Notes

No Game Note

Finance

Level 1 -- Attendance: 1575 (78,75%) -- Ticket Income 47 250 $
Level 2 -- Attendance: 672 (67,20%) -- Ticket Income 10 080 $
Total Attendance: 2247 (74,90%)
Total Ticket Income: 57 330 $
Other Income: 2 866 $
Total Income: 60 196 $

Tamiflu

5 vs 5 Forward 
   Center                   Left Wing                Right Wing               Time % Phy DF OF 
 1 Nate Thompson            Alex Picard              Carson Mcmillan          40     1   2  2  
 2 Greg Mauldin             Jan Mursak               Petr Pohl                30     1   2  2  
 3 Adam Henrique            Rich Clune               Mike Duco                20     1   2  2  
 4 Colin Greening           Nate Thompson            Mattias Tedenby          10     1   2  2  

5 vs 5 Defense 
   Defense                  Defense                                           Time % Phy DF OF 
 1 Jonathan Sigalet         Jordan Hendry                                     40     1   2  2  
 2 Nathan Oystrick          Johan Fransson                                    30     1   2  2  
 3 Philip Samuelsson        Kyle Lawson                                       20     1   2  2  
 4 Justin Braun             Cody Goloubef                                     10     1   2  2  

PowerPlay Forward 
   Center                   Left Wing                Right Wing               Time % Phy DF OF 
 1 Nate Thompson            Alex Picard              Carson Mcmillan          60     1   2  2  
 2 Greg Mauldin             Jan Mursak               Petr Pohl                40     1   2  2  

PowerPlay Defense
   Defense                  Defense                                           Time % Phy DF OF 
 1 Jonathan Sigalet         Jordan Hendry                                     60     1   2  2  
 2 Nathan Oystrick          Johan Fransson                                    40     1   2  2  

Penalty Kill 4 Players Forward 
   Center                   Wing                     Time % Phy DF OF 
 1 Nate Thompson            Alex Picard              60     1   2  2  
 2 Greg Mauldin             Carson Mcmillan          40     1   2  2  

Penalty Kill 4 Players Defense
   Defense                  Defense                  Time % Phy DF OF 
 1 Jonathan Sigalet         Jordan Hendry            60     1   2  2  
 2 Nathan Oystrick          Johan Fransson           40     1   2  2  

Penalty Kill - 3 Players Forward 
   Forward                                           Time % Phy DF OF 
 1 Nate Thompson                                     60     1   2  2  
 2 Alex Picard                                       40     1   2  2  

Penalty Kill - 3 Players Defense
   Defense                  Defense                  Time % Phy DF OF 
 1 Jonathan Sigalet         Jordan Hendry            60     1   2  2  
 2 Nathan Oystrick          Johan Fransson           40     1   2  2  

4 vs 4 Forward 
   Center                   Wing                     Time % Phy DF OF 
 1 Nate Thompson            Alex Picard              60     1   2  2  
 2 Greg Mauldin             Carson Mcmillan          40     1   2  2  

4 vs 4 Defense
   Defense                  Defense                  Time % Phy DF OF 
 1 Jonathan Sigalet         Jordan Hendry            60     1   2  2  
 2 Nathan Oystrick          Johan Fransson           40     1   2  2  

Last Minutes Offensive
   Center                   Left Wing                Right Wing               Defense                  Defense                  
   Nate Thompson            Alex Picard              Carson Mcmillan          Jonathan Sigalet         Jordan Hendry            

Last Minutes Defensive
   Center                   Left Wing                Right Wing               Defense                  Defense                  
   Nate Thompson            Alex Picard              Carson Mcmillan          Jonathan Sigalet         Jordan Hendry            

Goaltenders
Starting : Mike McKenna             
Backup : Thomas Greiss            

Extra Forwards
Normal : Adam Henrique, Mike Duco, Mattias Tedenby - PP : Adam Henrique, Mike Duco - PK : Mattias Tedenby
Extra Defensemen
Normal : Philip Samuelsson, Kyle Lawson, Justin Braun - PP : Philip Samuelsson - PK : Kyle Lawson, Justin Braun
Penalty Shots
Nate Thompson, Alex Picard, Greg Mauldin, Carson Mcmillan, Petr Pohl

Harfangs

5 vs 5 Forward 
   Center                   Left Wing                Right Wing               Time % Phy DF OF 
 1 Alex Killorn             Chris Kreider            Stefan Ruzicka           40     1   2  2  
 2 Petri Kontiola           Peter Olvecky            Kyle Palmieri            30     1   2  2  
 3 Drew Shore               Tomas Tatar              Roman Wick               20     1   2  2  
 4 Brandon Pirri            Dustin Jeffrey           Mike Hoffman             10     1   2  2  

5 vs 5 Defense 
   Defense                  Defense                                           Time % Phy DF OF 
 1 Alexandre Picard         Mark Giordano                                     40     1   2  2  
 2 James Wisniewski         Victor Bartley                                    30     1   2  2  
 3 Andrew Orpik             Brett Carson                                      20     1   2  2  
 4 Mark Giordano            James Wisniewski                                  10     1   2  2  

PowerPlay Forward 
   Center                   Left Wing                Right Wing               Time % Phy DF OF 
 1 Alex Killorn             Chris Kreider            Stefan Ruzicka           60     1   2  2  
 2 Petri Kontiola           Peter Olvecky            Kyle Palmieri            40     1   2  2  

PowerPlay Defense
   Defense                  Defense                                           Time % Phy DF OF 
 1 Alexandre Picard         Mark Giordano                                     60     1   2  2  
 2 James Wisniewski         Victor Bartley                                    40     1   2  2  

Penalty Kill 4 Players Forward 
   Center                   Wing                     Time % Phy DF OF 
 1 Petri Kontiola           Peter Olvecky            60     1   2  2  
 2 Drew Shore               Dustin Jeffrey           40     1   2  2  

Penalty Kill 4 Players Defense
   Defense                  Defense                  Time % Phy DF OF 
 1 Mark Giordano            Alexandre Picard         60     1   2  2  
 2 Brett Carson             James Wisniewski         40     1   2  2  

Penalty Kill - 3 Players Forward 
   Forward                                           Time % Phy DF OF 
 1 Petri Kontiola                                    60     1   2  2  
 2 Drew Shore                                        40     1   2  2  

Penalty Kill - 3 Players Defense
   Defense                  Defense                  Time % Phy DF OF 
 1 Mark Giordano            Alexandre Picard         60     1   2  2  
 2 Brett Carson             James Wisniewski         40     1   2  2  

4 vs 4 Forward 
   Center                   Wing                     Time % Phy DF OF 
 1 Stefan Ruzicka           Chris Kreider            60     1   2  2  
 2 Petri Kontiola           Peter Olvecky            40     1   2  2  

4 vs 4 Defense
   Defense                  Defense                  Time % Phy DF OF 
 1 Alexandre Picard         Mark Giordano            60     1   2  2  
 2 Victor Bartley           James Wisniewski         40     1   2  2  

Last Minutes Offensive
   Center                   Left Wing                Right Wing               Defense                  Defense                  
   Alex Killorn             Chris Kreider            Stefan Ruzicka           Mark Giordano            James Wisniewski         

Last Minutes Defensive
   Center                   Left Wing                Right Wing               Defense                  Defense                  
   Petri Kontiola           Peter Olvecky            Stefan Ruzicka           Mark Giordano            Alexandre Picard         

Goaltenders
Starting : Robin Lehner             
Backup : Peter Budaj              

Extra Forwards
Normal : Stefan Ruzicka, Chris Kreider, Petri Kontiola - PP : Stefan Ruzicka, Petri Kontiola - PK : Petri Kontiola
Extra Defensemen
Normal : Mark Giordano, James Wisniewski, Alexandre Picard - PP : Victor Bartley - PK : Mark Giordano, Alexandre Picard
Penalty Shots
Petri Kontiola, Peter Olvecky, Alexandre Picard, James Wisniewski, Tomas Tatar

% Time on Ice - Tamiflu

Lines # - Real PCT - Wanted PCT - Time Play
Normal Forward
1 - 33% - 40% - 14:28
2 - 30% - 30% - 13:11
3 - 25% - 20% - 11:11
4 - 12% - 10% - 5:12
Normal Defense
1 - 38% - 40% - 16:55
2 - 32% - 30% - 13:53
3 - 22% - 20% - 9:39
4 - 8% - 10% - 3:35
PP Forward
1 - 47% - 60% - 4:36
2 - 53% - 40% - 5:11
PP Defense
1 - 59% - 60% - 5:48
2 - 41% - 40% - 3:59
PK Forward
1 - 83% - 60% - 5:08
2 - 17% - 40% - 1:03
PK Defense
1 - 61% - 60% - 3:47
2 - 39% - 40% - 2:24
PK3 Forward
1 - 0% - 60%
2 - 0% - 40%
PK3 Defense
1 - 0% - 60%
2 - 0% - 40%
44 Forward
1 - 0% - 60%
2 - 0% - 40%
44 Defense
1 - 0% - 60%
2 - 0% - 40%
Last Minute Offensive  - 0:00
Last Minute Defensive  - 0:00
Total
Forward - 60:00
Defense - 60:00

% Time on Ice - Harfangs

Lines # - Real PCT - Wanted PCT - Time Play
Normal Forward
1 - 34% - 40% - 15:00
2 - 27% - 30% - 12:00
3 - 22% - 20% - 9:47
4 - 16% - 10% - 7:15
Normal Defense
1 - 38% - 40% - 16:43
2 - 32% - 30% - 14:14
3 - 23% - 20% - 9:58
4 - 7% - 10% - 3:07
PP Forward
1 - 54% - 60% - 3:19
2 - 46% - 40% - 2:52
PP Defense
1 - 62% - 60% - 3:50
2 - 38% - 40% - 2:21
PK Forward
1 - 74% - 60% - 7:17
2 - 26% - 40% - 2:30
PK Defense
1 - 63% - 60% - 6:07
2 - 37% - 40% - 3:40
PK3 Forward
1 - 0% - 60%
2 - 0% - 40%
PK3 Defense
1 - 0% - 60%
2 - 0% - 40%
44 Forward
1 - 0% - 60%
2 - 0% - 40%
44 Defense
1 - 0% - 60%
2 - 0% - 40%
Last Minute Offensive  - 0:00
Last Minute Defensive  - 0:00
Total
Forward - 60:00
Defense - 60:00

Play by Play

1st period


0:01 of 1st period - Nate Thompson wins face-off versus Stefan Ruzicka in neutral zone.
0:06 of 1st period - Stefan Ruzicka is hit by Jordan Hendry and loses puck.
0:36 of 1st period - Backhand shot by Nate Thompson.
0:36 of 1st period - Shot Misses the Net.
0:38 of 1st period - Snap shot by Nathan Oystrick.
0:38 of 1st period - Stopped by Robin Lehner without a rebound.
0:39 of 1st period - Greg Mauldin wins face-off versus Petri Kontiola in Harfangs zone.
1:52 of 1st period - Snap shot by Tomas Tatar.
1:52 of 1st period - Goal by Tomas Tatar - Tamiflu : 0 - Harfangs : 1.
1:53 of 1st period - Alex Killorn wins face-off versus Greg Mauldin in neutral zone.
2:04 of 1st period - Snap shot by Stefan Ruzicka.
2:04 of 1st period - Stopped by Mike McKenna with a rebound.
2:22 of 1st period - Mark Giordano is hit by Rich Clune and loses puck.
2:49 of 1st period - Snap shot by Nate Thompson.
2:49 of 1st period - Shot Blocked by Drew Shore.
2:51 of 1st period - Slapshot by Jordan Hendry.
2:51 of 1st period - Shot Blocked by Andrew Orpik.
3:01 of 1st period - Justin Braun is hit by Brett Carson and loses puck.
3:45 of 1st period - Adam Henrique is hit by Kyle Palmieri and loses puck.
3:54 of 1st period - Snap shot by Petri Kontiola.
3:54 of 1st period - Shot Misses the Net.
3:56 of 1st period - Snap shot by James Wisniewski.
3:56 of 1st period - Stopped by Mike McKenna without a rebound.
3:57 of 1st period - Greg Mauldin wins face-off versus Drew Shore in Tamiflu zone.
4:05 of 1st period - Off-side.
4:06 of 1st period - Greg Mauldin wins face-off versus Drew Shore in neutral zone.
4:23 of 1st period - Snap shot by Tomas Tatar.
4:23 of 1st period - Stopped by Mike McKenna with a rebound.
4:49 of 1st period - Slapshot by Roman Wick.
4:49 of 1st period - Stopped by Mike McKenna with a rebound.
5:16 of 1st period - Icing by Jan Mursak.
5:17 of 1st period - Greg Mauldin wins face-off versus Alex Killorn in Tamiflu zone.
5:30 of 1st period - Snap shot by Petr Pohl.
5:30 of 1st period - Shot Misses the Net.
5:32 of 1st period - Slapshot by Nathan Oystrick.
5:32 of 1st period - Shot Hit the Post.
5:34 of 1st period - Snap shot by Jan Mursak.
5:34 of 1st period - Stopped by Robin Lehner without a rebound.
5:35 of 1st period - Petri Kontiola wins face-off versus Nate Thompson in Harfangs zone.
6:28 of 1st period - Snap shot by Alex Killorn.
6:28 of 1st period - Shot Blocked by Philip Samuelsson.
6:30 of 1st period - Snap shot by Brett Carson.
6:30 of 1st period - Shot Misses the Net.
6:35 of 1st period - Icing by Philip Samuelsson.
6:36 of 1st period - Petri Kontiola wins face-off versus Adam Henrique in Tamiflu zone.
6:48 of 1st period - Minor Penalty to Peter Olvecky for Holding.
6:49 of 1st period - Nate Thompson wins face-off versus Petri Kontiola in Harfangs zone.
6:55 of 1st period - Wrist shot by Alex Picard.
6:55 of 1st period - Shot Blocked by Mark Giordano.
6:57 of 1st period - Slapshot by Jonathan Sigalet.
6:57 of 1st period - Shot Blocked by Mark Giordano.
6:59 of 1st period - Snap shot by Nate Thompson.
6:59 of 1st period - Shot Blocked by Mark Giordano.
7:01 of 1st period - Slapshot by Jonathan Sigalet.
7:01 of 1st period - Stopped by Robin Lehner with a rebound.
7:03 of 1st period - Slapshot by Jordan Hendry.
7:03 of 1st period - Shot Misses the Net.
7:05 of 1st period - Snap shot by Jonathan Sigalet.
7:05 of 1st period - Deflect By Alexandre Picard.
7:05 of 1st period - Stopped by Robin Lehner with a rebound.
7:35 of 1st period - Petr Pohl is hit by Brandon Pirri and loses puck.
7:46 of 1st period - Snap shot by Nathan Oystrick.
7:46 of 1st period - Shot Blocked by James Wisniewski.
8:03 of 1st period - Greg Mauldin is hit by Dustin Jeffrey and loses puck.
8:24 of 1st period - Petri Kontiola is hit by Nathan Oystrick and loses puck.
8:39 of 1st period - Snap shot by Petr Pohl.
8:39 of 1st period - Goal by Petr Pohl - Tamiflu : 1 - Harfangs : 1.
8:40 of 1st period - Alex Killorn wins face-off versus Nate Thompson in neutral zone.
8:47 of 1st period - Carson Mcmillan is hit by Alexandre Picard and loses puck.
8:54 of 1st period - Wrist shot by Alex Picard.
8:54 of 1st period - Shot Blocked by Mark Giordano.
8:56 of 1st period - Slapshot by Jordan Hendry.
8:56 of 1st period - Shot Misses the Net.
9:06 of 1st period - Jordan Hendry is hit by Kyle Palmieri and loses puck.
9:37 of 1st period - Dustin Jeffrey is hit by Colin Greening and loses puck.
9:50 of 1st period - Slapshot by James Wisniewski.
9:50 of 1st period - Shot Misses the Net.
9:52 of 1st period - Slapshot by James Wisniewski.
9:52 of 1st period - Shot Misses the Net.
9:54 of 1st period - Slapshot by Victor Bartley.
9:54 of 1st period - Stopped by Mike McKenna with a rebound.
10:08 of 1st period - Alexandre Picard is hit by Kyle Lawson and loses puck.
11:14 of 1st period - Icing by Mike Duco.
11:15 of 1st period - Mike Duco wins face-off versus Drew Shore in Tamiflu zone.
11:38 of 1st period - Minor Penalty to Rich Clune for Hooking.
11:39 of 1st period - Nate Thompson wins face-off versus Alex Killorn in Tamiflu zone.
13:38 of 1st period - Penalty to Rich Clune is over, Rich Clune is back on ice.
13:58 of 1st period - Slapshot by Jonathan Sigalet.
13:58 of 1st period - Deflect By Adam Henrique.
13:58 of 1st period - Stopped by Robin Lehner without a rebound.
13:59 of 1st period - Drew Shore wins face-off versus Colin Greening in Harfangs zone.
14:08 of 1st period - Slapshot by Tomas Tatar.
14:08 of 1st period - Deflect By Drew Shore.
14:08 of 1st period - Shot Blocked by Philip Samuelsson.
14:08 of 1st period - Puck is out of play.
14:09 of 1st period - Tomas Tatar wins face-off versus Colin Greening in Tamiflu zone.
14:12 of 1st period - Wrist shot by Roman Wick.
14:12 of 1st period - Stopped by Mike McKenna with a rebound.
14:14 of 1st period - Slapshot by Victor Bartley.
14:14 of 1st period - Deflect By Roman Wick.
14:14 of 1st period - Shot Blocked by Philip Samuelsson.
14:14 of 1st period - Puck is out of play.
14:15 of 1st period - Alex Killorn wins face-off versus Nate Thompson in Tamiflu zone.
14:24 of 1st period - Wrist shot by Nate Thompson.
14:24 of 1st period - Stopped by Robin Lehner with a rebound.
14:40 of 1st period - Jonathan Sigalet is hit by Petri Kontiola and loses puck.
15:03 of 1st period - Nathan Oystrick is hit by Drew Shore and loses puck.
15:10 of 1st period - Snap shot by Tomas Tatar.
15:10 of 1st period - Stopped by Mike McKenna without a rebound.
15:11 of 1st period - Nate Thompson wins face-off versus Alex Killorn in Tamiflu zone.
15:24 of 1st period - Slapshot by Chris Kreider.
15:24 of 1st period - Stopped by Mike McKenna with a rebound.
15:26 of 1st period - Slapshot by Victor Bartley.
15:26 of 1st period - Stopped by Mike McKenna with a rebound.
15:38 of 1st period - Slapshot by James Wisniewski.
15:38 of 1st period - Deflect By Nathan Oystrick.
15:38 of 1st period - Stopped by Mike McKenna with a rebound.
15:40 of 1st period - Slapshot by Dustin Jeffrey.
15:40 of 1st period - Shot Misses the Net.
15:42 of 1st period - Slapshot by Victor Bartley.
15:42 of 1st period - Shot Blocked by Nathan Oystrick.
16:28 of 1st period - Wrist shot by Nate Thompson.
16:28 of 1st period - Stopped by Robin Lehner without a rebound.
16:29 of 1st period - Drew Shore wins face-off versus Nate Thompson in Harfangs zone.
16:42 of 1st period - Slapshot by Alex Picard.
16:42 of 1st period - Shot Misses the Net.
16:44 of 1st period - Snap shot by Alex Picard.
16:44 of 1st period - Stopped by Robin Lehner with a rebound.
16:54 of 1st period - Jonathan Sigalet is hit by Chris Kreider and loses puck.
17:34 of 1st period - Slapshot by Mark Giordano.
17:34 of 1st period - Stopped by Mike McKenna without a rebound.
17:35 of 1st period - Colin Greening wins face-off versus Brandon Pirri in Tamiflu zone.
18:00 of 1st period - Jordan Hendry is hit by Peter Olvecky and loses puck.
18:14 of 1st period - Peter Olvecky is hit by Nathan Oystrick and loses puck.
18:55 of 1st period - Wrist shot by Petr Pohl.
18:55 of 1st period - Shot Blocked by Alexandre Picard.
18:57 of 1st period - Slapshot by Nathan Oystrick.
18:57 of 1st period - Shot Misses the Net.
18:59 of 1st period - Wrist shot by Greg Mauldin.
18:59 of 1st period - Stopped by Robin Lehner with a rebound.
19:01 of 1st period - Slapshot by Nathan Oystrick.
19:01 of 1st period - Stopped by Robin Lehner with a rebound.
19:03 of 1st period - Snap shot by Petr Pohl.
19:03 of 1st period - Stopped by Robin Lehner without a rebound.
19:04 of 1st period - Alex Picard wins face-off versus Alex Killorn in Harfangs zone.
19:17 of 1st period - Wrist shot by Stefan Ruzicka.
19:17 of 1st period - Stopped by Mike McKenna with a rebound.
19:19 of 1st period - Wrist shot by Alex Killorn.
19:19 of 1st period - Shot Misses the Net.
19:29 of 1st period - Victor Bartley is hit by Jonathan Sigalet and loses puck.
Goals for this period are 1 for Tamiflu vs 1 for Harfangs.
Shots for this period are 12 for Tamiflu vs 13 for Harfangs.

2nd period


0:01 of 2nd period - Alex Killorn wins face-off versus Nate Thompson in neutral zone.
0:26 of 2nd period - Alexandre Picard is hit by Jan Mursak and loses puck.
0:59 of 2nd period - Wrist shot by Mike Duco.
0:59 of 2nd period - Stopped by Robin Lehner with a rebound.
1:40 of 2nd period - Snap shot by Greg Mauldin.
1:40 of 2nd period - Deflect By Petr Pohl.
1:40 of 2nd period - Stopped by Robin Lehner without a rebound.
1:41 of 2nd period - Brandon Pirri wins face-off versus Adam Henrique in Harfangs zone.
1:45 of 2nd period - Icing by Alexandre Picard.
1:46 of 2nd period - Mike Hoffman wins face-off versus Adam Henrique in Harfangs zone.
2:01 of 2nd period - Slapshot by Alexandre Picard.
2:01 of 2nd period - Stopped by Mike McKenna without a rebound.
2:02 of 2nd period - Alex Killorn wins face-off versus Nate Thompson in Tamiflu zone.
2:03 of 2nd period - Slapshot by Chris Kreider.
2:03 of 2nd period - Stopped by Mike McKenna without a rebound.
2:04 of 2nd period - Stefan Ruzicka wins face-off versus Nate Thompson in Tamiflu zone.
2:23 of 2nd period - Jordan Hendry is hit by Chris Kreider and loses puck.
3:16 of 2nd period - Wrist shot by Chris Kreider.
3:16 of 2nd period - Shot Blocked by Alex Picard.
3:42 of 2nd period - Snap shot by Nate Thompson.
3:42 of 2nd period - Stopped by Robin Lehner with a rebound.
3:51 of 2nd period - Icing by Chris Kreider.
3:52 of 2nd period - Alex Killorn wins face-off versus Greg Mauldin in Harfangs zone.
3:57 of 2nd period - Jan Mursak is hit by Mark Giordano and loses puck.
4:04 of 2nd period - Greg Mauldin is hit by James Wisniewski and loses puck.
4:26 of 2nd period - Slapshot by Stefan Ruzicka.
4:26 of 2nd period - Stopped by Mike McKenna without a rebound.
4:27 of 2nd period - Petri Kontiola wins face-off versus Greg Mauldin in Tamiflu zone.
4:57 of 2nd period - Slapshot by Adam Henrique.
4:57 of 2nd period - Shot Blocked by Andrew Orpik.
5:31 of 2nd period - Minor Penalty to Dustin Jeffrey for Hooking.
5:32 of 2nd period - Greg Mauldin wins face-off versus Petri Kontiola in Harfangs zone.
5:35 of 2nd period - Snap shot by Greg Mauldin.
5:35 of 2nd period - Stopped by Robin Lehner without a rebound.
5:36 of 2nd period - Petri Kontiola wins face-off versus Greg Mauldin in Harfangs zone.
5:51 of 2nd period - Snap shot by Jonathan Sigalet.
5:51 of 2nd period - Stopped by Robin Lehner with a rebound.
6:24 of 2nd period - James Wisniewski is hit by Johan Fransson and loses puck.
7:27 of 2nd period - Jonathan Sigalet is hit by James Wisniewski and loses puck.
7:31 of 2nd period - Penalty to Dustin Jeffrey is over, Dustin Jeffrey is back on ice.
7:49 of 2nd period - Snap shot by Mike Duco.
7:49 of 2nd period - Deflect By Victor Bartley.
7:49 of 2nd period - Shot Misses the Net.
7:49 of 2nd period - Puck is out of play.
7:50 of 2nd period - Adam Henrique wins face-off versus Alex Killorn in Harfangs zone.
8:13 of 2nd period - Snap shot by Greg Mauldin.
8:13 of 2nd period - Stopped by Robin Lehner without a rebound.
8:14 of 2nd period - Greg Mauldin wins face-off versus Drew Shore in Harfangs zone.
8:21 of 2nd period - Slapshot by Roman Wick.
8:21 of 2nd period - Stopped by Mike McKenna with a rebound.
8:23 of 2nd period - Snap shot by Tomas Tatar.
8:23 of 2nd period - Shot Blocked by Jordan Hendry.
8:29 of 2nd period - Wrist shot by Drew Shore.
8:29 of 2nd period - Shot Misses the Net.
8:31 of 2nd period - Snap shot by Tomas Tatar.
8:31 of 2nd period - Stopped by Mike McKenna without a rebound.
8:32 of 2nd period - Alex Killorn wins face-off versus Nate Thompson in Tamiflu zone.
8:33 of 2nd period - Backhand shot by Stefan Ruzicka.
8:33 of 2nd period - Shot Misses the Net.
8:39 of 2nd period - Slapshot by Jonathan Sigalet.
8:39 of 2nd period - Shot Misses the Net.
8:41 of 2nd period - Slapshot by Jonathan Sigalet.
8:41 of 2nd period - Stopped by Robin Lehner with a rebound.
8:43 of 2nd period - Snap shot by Carson Mcmillan.
8:43 of 2nd period - Stopped by Robin Lehner without a rebound.
8:44 of 2nd period - Nate Thompson wins face-off versus Alex Killorn in Harfangs zone.
9:09 of 2nd period - Greg Mauldin is hit by Alexandre Picard.
9:20 of 2nd period - Slapshot by Petri Kontiola.
9:20 of 2nd period - Shot Misses the Net.
9:22 of 2nd period - Slapshot by Alexandre Picard.
9:22 of 2nd period - Shot Misses the Net.
9:44 of 2nd period - Slapshot by James Wisniewski.
9:44 of 2nd period - Deflect By Dustin Jeffrey.
9:44 of 2nd period - Shot Misses the Net.
9:44 of 2nd period - Puck is out of play.
9:45 of 2nd period - Nate Thompson wins face-off versus Chris Kreider in Tamiflu zone.
10:36 of 2nd period - Nathan Oystrick is hit by Alexandre Picard and loses puck.
10:55 of 2nd period - Wrist shot by Chris Kreider.
10:55 of 2nd period - Shot Misses the Net.
11:15 of 2nd period - Wrist shot by Mike Duco.
11:15 of 2nd period - Deflect By Adam Henrique.
11:15 of 2nd period - Stopped by Robin Lehner without a rebound.
11:16 of 2nd period - Adam Henrique wins face-off versus Drew Shore in Harfangs zone.
11:21 of 2nd period - Snap shot by Mike Duco.
11:21 of 2nd period - Stopped by Robin Lehner with a rebound.
11:23 of 2nd period - Wrist shot by Jonathan Sigalet.
11:23 of 2nd period - Shot Misses the Net.
11:25 of 2nd period - Wrist shot by Mike Duco.
11:25 of 2nd period - Goal by Mike Duco - Tamiflu : 2 - Harfangs : 1.
11:26 of 2nd period - Alex Killorn wins face-off versus Nate Thompson in neutral zone.
11:48 of 2nd period - Icing by Jordan Hendry.
11:49 of 2nd period - Nate Thompson wins face-off versus Petri Kontiola in Tamiflu zone.
12:14 of 2nd period - Philip Samuelsson is hit by James Wisniewski and loses puck.
13:01 of 2nd period - Minor Penalty to Petr Pohl for Tripping.
13:02 of 2nd period - Nate Thompson wins face-off versus Stefan Ruzicka in Tamiflu zone.
13:11 of 2nd period - Snap shot by Chris Kreider.
13:11 of 2nd period - Shot Misses the Net.
13:13 of 2nd period - Snap shot by Victor Bartley.
13:13 of 2nd period - Shot Misses the Net.
13:15 of 2nd period - Snap shot by Alex Killorn.
13:15 of 2nd period - Shot Misses the Net.
13:17 of 2nd period - Slapshot by Alex Killorn.
13:17 of 2nd period - Shot Misses the Net.
13:31 of 2nd period - Jordan Hendry is hit by Kyle Palmieri and loses puck.
14:06 of 2nd period - Snap shot by Mattias Tedenby.
14:06 of 2nd period - Shot Misses the Net.
14:36 of 2nd period - Snap shot by Nate Thompson.
14:36 of 2nd period - Goal by Nate Thompson - Tamiflu : 3 - Harfangs : 1.
14:37 of 2nd period - Nate Thompson wins face-off versus Alex Killorn in neutral zone.
15:01 of 2nd period - Penalty to Petr Pohl is over, Petr Pohl is back on ice.
15:26 of 2nd period - Drew Shore is hit by Alex Picard and loses puck.
15:41 of 2nd period - Slapshot by James Wisniewski.
15:41 of 2nd period - Deflect By Dustin Jeffrey.
15:41 of 2nd period - Shot Misses the Net.
15:41 of 2nd period - Puck is out of play.
15:42 of 2nd period - Adam Henrique wins face-off versus Alex Killorn in Tamiflu zone.
16:28 of 2nd period - Snap shot by Peter Olvecky.
16:28 of 2nd period - Shot Blocked by Johan Fransson.
16:30 of 2nd period - Slapshot by Kyle Palmieri.
16:30 of 2nd period - Stopped by Mike McKenna without a rebound.
16:31 of 2nd period - Petri Kontiola wins face-off versus Greg Mauldin in Tamiflu zone.
16:46 of 2nd period - Kyle Palmieri is hit by Greg Mauldin and loses puck.
16:57 of 2nd period - Petri Kontiola is hit by Colin Greening and loses puck.
17:43 of 2nd period - Wrist shot by Stefan Ruzicka.
17:43 of 2nd period - Stopped by Mike McKenna with a rebound.
17:45 of 2nd period - Slapshot by Alex Killorn.
17:45 of 2nd period - Shot Blocked by Cody Goloubef.
18:49 of 2nd period - Johan Fransson is hit by Peter Olvecky and loses puck.
19:54 of 2nd period - Minor Penalty to Petri Kontiola for Holding Stick.
19:55 of 2nd period - Nate Thompson wins face-off versus Brandon Pirri in Harfangs zone.
19:56 of 2nd period - Slapshot by Alex Picard.
19:56 of 2nd period - Shot Misses the Net.
Goals for this period are 2 for Tamiflu vs 0 for Harfangs.
Shots for this period are 12 for Tamiflu vs 7 for Harfangs.

3rd period


0:01 of 3rd period - Nate Thompson wins face-off versus Brandon Pirri in neutral zone.
0:06 of 3rd period - Wrist shot by Alex Picard.
0:06 of 3rd period - Shot Misses the Net.
0:08 of 3rd period - Snap shot by Alex Picard.
0:08 of 3rd period - Shot Blocked by Mark Giordano.
0:10 of 3rd period - Backhand shot by Jordan Hendry.
0:10 of 3rd period - Shot Blocked by Mark Giordano.
0:12 of 3rd period - Wrist shot by Nate Thompson.
0:12 of 3rd period - Shot Blocked by Mark Giordano.
0:14 of 3rd period - Slapshot by Jordan Hendry.
0:14 of 3rd period - Shot Misses the Net.
0:16 of 3rd period - Snap shot by Jordan Hendry.
0:16 of 3rd period - Deflect By Alexandre Picard.
0:16 of 3rd period - Stopped by Robin Lehner without a rebound.
0:17 of 3rd period - Nate Thompson wins face-off versus Brandon Pirri in Harfangs zone.
1:17 of 3rd period - James Wisniewski is hit by Jan Mursak and loses puck.
1:54 of 3rd period - Penalty to Petri Kontiola is over, Petri Kontiola is back on ice.
4:21 of 3rd period - Minor Penalty to Stefan Ruzicka for Holding.
4:22 of 3rd period - Nate Thompson wins face-off versus Petri Kontiola in Harfangs zone.
4:28 of 3rd period - Snap shot by Alex Picard.
4:28 of 3rd period - Shot Misses the Net.
4:53 of 3rd period - Icing by Greg Mauldin.
4:54 of 3rd period - Greg Mauldin wins face-off versus Dustin Jeffrey in Tamiflu zone.
4:59 of 3rd period - Slapshot by Jonathan Sigalet.
4:59 of 3rd period - Stopped by Robin Lehner without a rebound.
5:00 of 3rd period - Alex Picard wins face-off versus Petri Kontiola in Harfangs zone.
5:03 of 3rd period - Wrist shot by Alex Picard.
5:03 of 3rd period - Stopped by Robin Lehner with a rebound.
5:51 of 3rd period - Drew Shore is hit by Johan Fransson and loses puck.
6:21 of 3rd period - Penalty to Stefan Ruzicka is over, Stefan Ruzicka is back on ice.
6:22 of 3rd period - Johan Fransson is hit by Stefan Ruzicka and loses puck.
6:37 of 3rd period - Wrist shot by Tomas Tatar.
6:37 of 3rd period - Deflect By Roman Wick.
6:37 of 3rd period - Shot Blocked by Kyle Lawson.
6:37 of 3rd period - Puck is out of play.
6:38 of 3rd period - Drew Shore wins face-off versus Mike Duco in Tamiflu zone.
6:55 of 3rd period - Minor Penalty to Mike Duco for Tripping.
6:56 of 3rd period - Alex Killorn wins face-off versus Nate Thompson in Tamiflu zone.
6:57 of 3rd period - Snap shot by Stefan Ruzicka.
6:57 of 3rd period - Shot Misses the Net.
7:09 of 3rd period - Slapshot by Alexandre Picard.
7:09 of 3rd period - Deflect By Chris Kreider.
7:09 of 3rd period - Goal by Chris Kreider - Tamiflu : 3 - Harfangs : 2.
7:10 of 3rd period - Nate Thompson wins face-off versus Alex Killorn in neutral zone.
7:13 of 3rd period - Mark Giordano is hit by Alex Picard and loses puck.
7:27 of 3rd period - Minor Penalty to Alex Picard for Hooking.
7:28 of 3rd period - Alex Killorn wins face-off versus Nate Thompson in Tamiflu zone.
8:33 of 3rd period - Johan Fransson is hit by Kyle Palmieri and loses puck.
8:50 of 3rd period - Slapshot by Jordan Hendry.
8:50 of 3rd period - Deflect By Jan Mursak.
8:50 of 3rd period - Shot Misses the Net.
8:50 of 3rd period - Puck is out of play.
8:51 of 3rd period - Jan Mursak wins face-off versus Alex Killorn in Harfangs zone.
9:14 of 3rd period - Jonathan Sigalet is hit by Kyle Palmieri and loses puck.
9:27 of 3rd period - Penalty to Alex Picard is over, Alex Picard is back on ice.
9:29 of 3rd period - Nate Thompson is hit by Alexandre Picard and loses puck.
10:06 of 3rd period - Snap shot by Brandon Pirri.
10:06 of 3rd period - Deflect By Dustin Jeffrey.
10:06 of 3rd period - Stopped by Mike McKenna without a rebound.
10:07 of 3rd period - Adam Henrique wins face-off versus Brandon Pirri in Tamiflu zone.
10:17 of 3rd period - Snap shot by Adam Henrique.
10:17 of 3rd period - Shot Misses the Net.
10:19 of 3rd period - Snap shot by Alex Picard.
10:19 of 3rd period - Shot Blocked by Andrew Orpik.
10:29 of 3rd period - Snap shot by Alex Picard.
10:29 of 3rd period - Shot Misses the Net.
10:43 of 3rd period - Slapshot by Dustin Jeffrey.
10:43 of 3rd period - Goal by Dustin Jeffrey - Tamiflu : 3 - Harfangs : 3.
10:44 of 3rd period - Greg Mauldin wins face-off versus Alex Killorn in neutral zone.
10:53 of 3rd period - Snap shot by Stefan Ruzicka.
10:53 of 3rd period - Stopped by Mike McKenna with a rebound.
10:55 of 3rd period - Snap shot by Chris Kreider.
10:55 of 3rd period - Shot Misses the Net.
10:57 of 3rd period - Slapshot by Alexandre Picard.
10:57 of 3rd period - Stopped by Mike McKenna with a rebound.
11:18 of 3rd period - Slapshot by Peter Olvecky.
11:18 of 3rd period - Stopped by Mike McKenna without a rebound.
11:19 of 3rd period - Chris Kreider wins face-off versus Nate Thompson in Tamiflu zone.
11:30 of 3rd period - Snap shot by Stefan Ruzicka.
11:30 of 3rd period - Shot Blocked by Johan Fransson.
11:44 of 3rd period - Peter Olvecky is hit by Greg Mauldin and loses puck.
12:07 of 3rd period - Wrist shot by Mike Duco.
12:07 of 3rd period - Stopped by Robin Lehner with a rebound.
12:11 of 3rd period - Snap shot by Mike Duco.
12:11 of 3rd period - Shot Misses the Net.
12:13 of 3rd period - Slapshot by Rich Clune.
12:13 of 3rd period - Stopped by Robin Lehner with a rebound.
12:15 of 3rd period - Slapshot by Jordan Hendry.
12:15 of 3rd period - Stopped by Robin Lehner without a rebound.
12:16 of 3rd period - Nate Thompson wins face-off versus Alex Killorn in Harfangs zone.
12:29 of 3rd period - Slapshot by Mark Giordano.
12:29 of 3rd period - Stopped by Mike McKenna with a rebound.
12:31 of 3rd period - Snap shot by Stefan Ruzicka.
12:31 of 3rd period - Stopped by Mike McKenna with a rebound.
12:41 of 3rd period - Mark Giordano is hit by Jan Mursak and loses puck.
13:33 of 3rd period - Icing by Mattias Tedenby.
13:34 of 3rd period - Colin Greening wins face-off versus Alex Killorn in Tamiflu zone.
13:59 of 3rd period - Wrist shot by Nathan Oystrick.
13:59 of 3rd period - Stopped by Robin Lehner without a rebound.
14:00 of 3rd period - Greg Mauldin wins face-off versus Peter Olvecky in Harfangs zone.
14:09 of 3rd period - Snap shot by Petr Pohl.
14:09 of 3rd period - Goal by Petr Pohl - Tamiflu : 4 - Harfangs : 3.
14:10 of 3rd period - Nate Thompson wins face-off versus Alex Killorn in neutral zone.
14:39 of 3rd period - Alexandre Picard is hit by Greg Mauldin and loses puck.
14:44 of 3rd period - Snap shot by Greg Mauldin.
14:44 of 3rd period - Goal by Greg Mauldin - Tamiflu : 5 - Harfangs : 3.
14:45 of 3rd period - Carson Mcmillan wins face-off versus Alex Killorn in neutral zone.
15:16 of 3rd period - Johan Fransson is hit by Alexandre Picard and loses puck.
15:42 of 3rd period - Snap shot by Peter Olvecky.
15:42 of 3rd period - Shot Misses the Net.
15:44 of 3rd period - Wrist shot by Peter Olvecky.
15:44 of 3rd period - Shot Misses the Net.
16:04 of 3rd period - Nate Thompson is hit by Chris Kreider and loses puck.
17:09 of 3rd period - Minor Penalty to Drew Shore for Hooking.
17:10 of 3rd period - Nate Thompson wins face-off versus Petri Kontiola in Harfangs zone.
17:56 of 3rd period - Brett Carson is hit by Johan Fransson.
18:16 of 3rd period - Dustin Jeffrey is hit by Nathan Oystrick and loses puck.
18:57 of 3rd period - Greg Mauldin is hit by Alex Killorn and loses puck.
19:09 of 3rd period - Penalty to Drew Shore is over, Drew Shore is back on ice.
19:25 of 3rd period - Snap shot by Adam Henrique.
19:25 of 3rd period - Stopped by Robin Lehner with a rebound.
19:31 of 3rd period - Jordan Hendry is hit by Victor Bartley and loses puck.
19:45 of 3rd period - Icing by Tomas Tatar.
19:46 of 3rd period - Nate Thompson wins face-off versus Drew Shore in Harfangs zone.
Goals for this period are 2 for Tamiflu vs 2 for Harfangs.
Shots for this period are 10 for Tamiflu vs 8 for Harfangs.


Output by the SimonT Hockey Simulator (STHS) for François Prévost -- Original Page W3C XHTML 1.0 Valid
Hockey Simulator - Hockey Simulation - Hockey Manager